 Dungeon Crawl Stone Soup version 0.30-a0-719-gcc4359ea44 (webtiles) character file.

Game seed: 5663159567200190601

2301 kae the Changer (level 9, -1/70 HPs)
             Began as a Demonspawn Transmuter on Jan 26, 2023.
             Was a Believer of Qazlal.
             Slain by a scorpion (2 damage)
             ... summoned by Amaemon
             ... on level 8 of the Dungeon.
             The game lasted 00:07:29 (8464 turns).

kae the Changer (Demonspawn Transmuter)             Turns: 8464, Time: 00:07:30

Health: -1/70      AC:  7    Str: 14    XL:     9   Next: 17%
Magic:  24/25      EV: 10    Int: 16    God:    Qazlal [**....]
Gold:   350        SH:  3    Dex: 13    Spells: 7/17 levels left

rFire   x . .      SeeInvis .      - Unarmed
rCold   + + +      Faith    .    (shield currently unavailable)
rNeg    . . .      Spirit   .    (body armour currently unavailable)
rPois   +          Reflect  .    (helmet currently unavailable)
rElec   .          Harm     .    (cloak currently unavailable)
rCorr   .          Rampage  .    (gloves currently unavailable)
Will    +....                    (boots currently unavailable)
Stlth   +                        (no amulet)
HPRegen 0.31/turn                h - ring of willpower
MPRegen 0.19/turn                W - ring of magical power

@: lethally poisoned (-1 -> -4), about to teleport, ice-form
A: freezing attack, amphibious, boosted hp, large, (claws 2), (molten scales 2),
demonic guardian 1
a: End Transformation, Renounce Religion, Upheaval


You were on level 8 of the Dungeon.
You worshipped Qazlal.
Qazlal was pleased with you.
You were a creature of crystalline ice.
You visited 1 branch of the dungeon, and saw 8 of its levels.

You collected 350 gold pieces.


Innate Abilities, Weirdness & Mutations

You are a creature of crystalline ice.
You have a powerful freezing melee attack.
You are amphibious.
Your maximum health is increased.
Your armour is entirely melded.
You are incapable of wielding weapons or throwing items.
((You have very sharp fingernails.))
((You are mostly covered in molten scales. (AC +3)))
A weak demonic guardian rushes to your aid.


   Skills:
 - Level 1.0 Fighting
 - Level 1.7 Dodging
 + Level 5.3 Unarmed Combat
 + Level 4.9 Spellcasting
 * Level 6.9 Transmutations
 * Level 5.1 Ice Magic
 - Level 2.0 Poison Magic
 + Level 2.9 Invocations


You had 7 spell levels left.
You knew the following spells:

 Your Spells              Type           Power      Damage    Failure   Level
a - Beastly Appendage     Tmut           52%        N/A       1%          1
b - Wereblood             Tmut           26%        N/A       1%          2
c - Spider Form           Tmut/Pois      18%        N/A       8%          3
d - Ice Form              Ice/Tmut       23%        N/A       13%         4

Your spell library contained the following spells:

 Spells                   Type           Power      Damage    Failure   Level
 Passwall                 Tmut/Erth      12%        N/A       5%          2
 Sandblast                Erth           6%         2d5       16%         1
 Shock                    Conj/Air       12%        1d3       16%         1
 Stone Arrow              Conj/Erth      6%         3d7       43%         3
 Swiftness                Air            3%         N/A       43%         3
 Tukima's Dance           Hex            3%         N/A       43%         3
 Yara's Violent Unravell  Hex/Tmut       7%         3d5       71%         5
 Airstrike                Air            1%         2d(1-17)  83%         4
 Passage of Golubria      Tloc           3%         N/A       83%         4

Inventory:

Missiles
 b - 10 boomerangs
 c - 100 stones
 d - 2 poisoned darts
Armour
 a - a +0 robe (melded)
Jewellery
 h - a ring of willpower (left front paw)
   (You found it on level 3 of the Dungeon)
 W - a ring of magical power (right front paw)
   (You found it on level 7 of the Dungeon)
Wands
 t - a wand of mindburst (11)
   (You took it off Maurice on level 8 of the Dungeon)
 x - a wand of light (7)
   (You took it off Maggie on level 8 of the Dungeon)
Scrolls
 i - 2 scrolls of butterflies
 l - 2 scrolls of fog
 n - 3 scrolls of brand weapon
 o - a scroll of vulnerability {unknown}
 p - 4 scrolls of teleportation {@r4}
 r - a scroll of magic mapping {!r}
 u - a scroll of immolation {unknown}
 w - 2 scrolls of enchant weapon
Potions
 e - 4 potions of curing {@q1}
 f - a potion of brilliance {unknown}
 g - a potion of invisibility
 j - 2 potions of resistance {unknown}
 k - 2 potions of heal wounds {@q2}
 m - 3 potions of mutation {unknown}
 q - 5 potions of might {unknown}
 s - 2 potions of degeneration {unknown}
 v - 2 potions of magic

Dungeon Overview and Level Annotations

Branches:
Dungeon (8/15) Zot: 26218  Temple (0/1) D:6
   Lair: D:8-11

Altars:
Dithmenos
Gozag
Hepliaklqana
Qazlal
Sif Muna
Trog
Vehumet

Shops:
D:7 *

Annotations:
D:4 3 runed translucent doors, MCDelver's ghost, amateur OpFE
D:8 1 runed translucent door, Amaemon; Yawgmoth's ghost, novice TrCj

.#.?# .).. .... #..
#s. .. #4# #.# #6#
#.# #. #Y# #.# #.#
#####s# #.# #.#
#...5.# #.#### #.#
#.##### #....#####
#.# ###.###
#......... #.#
#.....# #.##.####.
#.###.###.#####
#.##......
######.....# #.....#
#.##......
........##.###.###.#
#.##......


You could see Amaemon, an orange demon (curare), 2 scorpions and a friendly iron
imp (summoned).


Message History

Amaemon shouts! 😎 HP[+9]
Your hp is fully restored (59).
Casting: Ice Form (dangerous; 13% risk of failure)
Confirm with . or Enter, or press ? or * to list all spells.
You turn into a creature of crystalline ice.
Your +0 robe melds into your body. 😎 HP[+11] MP[-4]
You now have 70 max hp (+11).
Your hp is fully restored (70).
You lost 4 mp, and now have 21/25 mp.
An orange demon comes into view.
Amaemon points at the orange demon and mumbles some strange words.
The orange demon screeches!
The orange demon seems to grow toxic.
Amaemon closely misses you. Amaemon barely misses you.
Amaemon tail-slaps you. 😕 HP[-3] MP[+1]
You take 3 damage, and now have 67/70 hp.
You closely miss Amaemon.
Amaemon whines, "They said I was special.
Look at me now!"
Amaemon hits you with a -2 demon whip of venom.
Amaemon claws you but does no damage.
Amaemon tail-slaps you but does no damage. 😕 HP[-1]
You take 1 damage, and now have 66/70 hp.
You completely miss Amaemon. Amaemon misses you. Amaemon closely misses you.
Amaemon tail-slaps you. 😕 HP[-2]
You take 2 damage, and now have 64/70 hp.
You punch Amaemon! You freeze Amaemon.
Amaemon gestures wildly while chanting.
Unknown command.
You barely miss Amaemon.
Amaemon hits you with a -2 demon whip of venom!
Amaemon claws you. Amaemon tail-slaps you. You block the orange demon's attack.
The scorpion stings you. 😮 HP[-17]
You take 17 damage, and now have 47/70 hp.
MASSIVE DAMAGE!! (PAUSE)
You closely miss Amaemon.
Amaemon hits you with a -2 demon whip of venom!
A demonic guardian appears!
Amaemon closely misses you. You block Amaemon's attack.
The orange demon stings you but does no damage.
The scorpion barely misses you. 😮 HP[-10]
You take 10 damage, and now have 37/70 hp.
You punch Amaemon! You freeze Amaemon. The orange demon stings you from afar!
* * * LOW HITPOINT WARNING * * *
The scorpion completely misses you. Amaemon barely misses you.
Amaemon misses you.
Amaemon tail-slaps you but does no damage. 😨 HP[-8] MP[+1]
You take 8 damage, and now have 29/70 hp.
Unknown command.
You punch Amaemon! You freeze Amaemon.
The orange demon no longer looks unusually toxic.
The scorpion stings you.
* * * LOW HITPOINT WARNING * * *
Your iron imp hits the scorpion.
The orange demon stings you but does no damage.
You block Amaemon's attack. Amaemon closely misses you.
Amaemon tail-slaps you but does no damage. 😨 HP[-3]
You take 3 damage, and now have 26/70 hp.
You hit Amaemon. You freeze Amaemon.
The scorpion stings you but does no damage.
The orange demon closely misses you.
Amaemon hisses.
You block Amaemon's attack. Amaemon claws you but does no damage.
Amaemon tail-slaps you but does no damage.
Your iron imp hits the scorpion.
You barely miss Amaemon. The scorpion stings you.
* * * LOW HITPOINT WARNING * * *
You are poisoned.
The scorpion poisons you! The orange demon closely misses you.
You block Amaemon's attack. Amaemon claws you but does no damage.
Amaemon misses you. 😨 HP[-2]
You take 2 damage, and now have 24/70 hp.
As you read the scroll of teleportation {@r4}, it crumbles to dust.
You feel strangely unstable.
You feel sick. The scorpion barely misses you.
Your iron imp hits the scorpion but does no damage.
The orange demon stings you from afar.
* * * LOW HITPOINT WARNING * * *
Amaemon casts a spell at the orange demon.
The orange demon seems to grow toxic. 😱 HP[-7]
You take 7 damage, and now have 17/70 hp.
You hit Amaemon. You freeze Amaemon.
You feel sick. The scorpion stings you.
* * * LOW HITPOINT WARNING * * *
Your iron imp closely misses the scorpion. 😱 HP[-4]
You take 4 damage, and now have 13/70 hp.
Unknown command.
You punch Amaemon! You freeze Amaemon.
You feel sick. The orange demon stings you from afar!
* * * LOW HITPOINT WARNING * * *
The scorpion stings you.
You die...

Skill      XL: |  1  2  3  4  5  6  7  8 |
---------------+-------------------------+-----
Transmutations | 2 3 4 5 6 |  6.9
Unarmed Combat | 3 4 5 |  5.3
Poison Magic   | 1 2 |  2.0
Spellcasting   | 3 4 |  4.9
Ice Magic      | 1 3 5 |  5.1
Invocations    | 2 |  2.9
Fighting       | |  1.0
Dodging        | |  1.7

Action                     |  1- 3 |  4- 6 |  7- 9 || total
---------------------------+-------+-------+-------++-------
  Melee: Unarmed           |   126 |   186 |   215 ||   527
         Kick              |    22 |    15 |       ||    37
         Headbutt          |    11 |    12 |       ||    23
         Punch             |     4 |       |       ||     4
   Cast: Beastly Appendage |    25 |    14 |       ||    39
         Spider Form       |       |    24 |    17 ||    41
         Wereblood         |       |     3 |     2 ||     5
         Ice Form          |       |       |     7 ||     7
    Use: Scroll            |       |    10 |     2 ||    12
         Potion            |       |     3 |     3 ||     6
 Armour: Robe              |    50 |    23 |     5 ||    78
         Skin              |       |     6 |    39 ||    45
  Dodge: Dodged            |    87 |   136 |   150 ||   373
  Block: Other             |       |     2 |    25 ||    27

Levels and vault maps discovered:
D:1:      zelgadis_glass_arrival_small, layout_loops_ring
D:2:      layout_loops_corners, kennysheep_generic_room_11
D:3:      layout_loops_corners, mainiacjoe_overflow_swirl,
          gammafunk_temple_overflow_wave
D:4:      layout_loops_corners, ebering_ghost_gozag
D:5:      layout_cave_pools
D:6:      layout_basic, trog_hazing_becter, mainiacjoe_overflow_six_doors_small,
          minmay_temple_entry_proselytizer
D:7:      layout_rooms, serial_shops, kennysheep_mini_moat
D:8:      layout_loops_ring, gammafunk_ghost_grave, serial_shops,
          nicolae_shop_advertising_works [nicolae_subvault_shop_adworks],
          uniq_maurice, uniq_maggie, uniq_amaemon

Notes
Turn   | Place    | Note
-------+----------+-------------------------------------------
     0 | D:1      | kae the Demonspawn Transmuter began the quest for the Orb.
     0 | D:1      | Reached XP level 1. HP: 15/15 MP: 3/3
     0 | D:1      | magus.rc [v1.11.3]
    71 | D:1      | Reached skill level 2 in Transmutations
   189 | D:1      | Gained mutation: You are partially covered in molten
                  | scales. (AC +2) [demonic ancestry]
   189 | D:1      | Reached XP level 2. HP: 17/21 MP: 3/5
   560 | D:1      | Reached skill level 3 in Unarmed Combat
   624 | D:1      | Gained mutation: You are mostly covered in molten scales.
                  | (AC +3) [demonic ancestry]
   624 | D:1      | Reached XP level 3. HP: 18/26 MP: 4/6
   627 | D:1      | Learned a level 2 spell: Wereblood
   631 | D:1      | Learned a level 3 spell: Spider Form
   958 | D:2      | You add the spells Tukima's Dance, Passage of Golubria and
                  | Yara's Violent Unravelling to your library.
  1558 | D:2      | Reached skill level 1 in Poison Magic
  1558 | D:2      | Reached XP level 4. HP: 19/32 MP: 7/7
  1651 | D:2      | Reached skill level 3 in Transmutations
  2089 | D:3      | Noticed an orc warrior
  2438 | D:3      | Found a stormy altar of Qazlal.
  2443 | D:3      | Became a worshipper of Qazlal Stormbringer
  2454 | D:3      | Found a radiant altar of Vehumet.
  2608 | D:3      | Gained mutation: You have sharp fingernails. [demonic
                  | ancestry]
  2608 | D:3      | Reached XP level 5. HP: 36/37 MP: 9/9
  2721 | D:3      | Identified the +2 mace of Exquisite Death {flame, rF++
                  | rCorr}
  2743 | D:3      | Found a shimmering blue altar of Sif Muna.
  2743 | D:3      | Found a hazy altar of Hepliaklqana.
  2755 | D:3      | You fall into a shaft and drop 2 floors!
  2755 | D:5      | Entered Level 5 of the Dungeon
  2777 | D:5      | Reached skill level 2 in Poison Magic
  2987 | D:3      | HP: 9/37 [orc priest/divine providence (10)]
  3109 | D:3      | HP: 13/55 [poisoned by an orc warrior]
  3109 | D:3      | Killed an orc warrior
  3110 | D:3      | Reached skill level 3 in Spellcasting
  3110 | D:3      | Reached skill level 4 in Transmutations
  3110 | D:3      | Gained mutation: A weak demonic guardian rushes to your
                  | aid. [demonic ancestry]
  3110 | D:3      | Reached XP level 6. HP: 16/43 MP: 8/10
  3114 | D:3      | HP: 12/64 [poisoned by an orc warrior]
  3116 | D:3      | HP: 2/43 [orc priest/+0 falchion (6)]
  3288 | D:3      | Learned a level 4 spell: Ice Form
  3686 | D:4      | Found a runed translucent gate.
  3686 | D:4      | Found a runed translucent gate.
  3687 | D:4      | Found a runed translucent gate.
  3687 | D:4      | Found an opulent altar of Gozag.
  3704 | D:4      | Noticed a water moccasin
  3704 | D:4      | Noticed MCDelver's ghost (amateur OpFE)
  3887 | D:4      | You pick up a book of Geomancy and begin reading...
  3887 | D:4      | You add the spells Sandblast, Passwall and Stone Arrow to
                  | your library.
  4140 | D:4      | HP: 10/43 [orc/+0 whip (5)]
  4429 | D:4      | Reached * piety under Qazlal
  4978 | D:5      | Reached skill level 1 in Ice Magic
  5332 | D:6      | Reached skill level 4 in Unarmed Combat
  5332 | D:6      | Reached XP level 7. HP: 21/48 MP: 9/12
  5468 | D:6      | Reached skill level 5 in Transmutations
  5468 | D:6      | Reached skill level 2 in Ice Magic
  5578 | D:6      | HP: 10/48 [orc priest/+0 hand axe (6)]
  5999 | D:6      | Found a bloodstained altar of Trog.
  6159 | D:6      | Found a staircase to the Ecumenical Temple.
  6281 | D:6      | Reached skill level 4 in Spellcasting
  6281 | D:6      | Reached skill level 3 in Ice Magic
  6417 | D:6      | Found a shadowy altar of Dithmenos.
  6429 | D:6      | Gained mutation: You have very sharp fingernails. [demonic
                  | ancestry]
  6429 | D:6      | Reached XP level 8. HP: 54/54 MP: 10/14
  6675 | D:6      | HP: 10/54 [something (15)]
  6995 | D:7      | You pick up a book of Air and begin reading...
  6995 | D:7      | You add the spells Shock, Swiftness and Airstrike to your
                  | library.
  7076 | D:7      | Found Fylyroi's General Store.
  7281 | D:7      | Reached skill level 6 in Transmutations
  7293 | D:7      | Reached ** piety under Qazlal
  7294 | D:7      | Reached skill level 4 in Ice Magic
  7740 | D:8      | Noticed Maurice
  7757 | D:8      | Killed Maurice
  7758 | D:8      | Reached skill level 5 in Unarmed Combat
  7758 | D:8      | Reached skill level 1 in Invocations
  7807 | D:8      | Reached skill level 2 in Invocations
  7967 | D:8      | Found a runed translucent door.
  7967 | D:8      | Noticed Yawgmoth's ghost (novice TrCj)
  7996 | D:8      | Noticed Maggie
  8003 | D:8      | HP: 13/63 [Maggie/bolt of fire (22)]
  8007 | D:8      | HP: 6/63 [Maggie/bolt of light (8)]
  8008 | D:8      | Killed Maggie
  8009 | D:8      | Reached skill level 5 in Ice Magic
  8009 | D:8      | Reached XP level 9. HP: 7/59 MP: 16/16
  8187 | D:8      | HP: 16/70 [killer bee (5)]
  8191 | D:8      | HP: 6/70 [killer bee (3)]
  8210 | D:8      | HP: 13/70 [killer bee (5)]
  8445 | D:8      | Noticed Amaemon
  8451 | D:8      | Noticed an orange demon
  8462 | D:8      | HP: 17/70 [orange demon[Amaemon] (5)]
  8464 | D:8      | HP: 1/70 [orange demon[Amaemon] (11)]
  8464 | D:8      | Slain by a scorpion

Vanquished Creatures
  Maurice (D:8)
  Maggie (D:8)
  An orc warrior (D:3)
  An ice beast (D:6)
  2 black bears (D:6)
  2 sky beasts
  A centaur (D:7)
  A necrophage (D:6)
  A scorpion (D:6)
  5 killer bees (D:8)
  5 orc priests
  A gnoll bouda (D:7)
  A jelly (D:6)
  3 hounds
  4 iguanas
  2 orc wizards (D:7)
  9 gnolls
  7 adders
  A shadow imp (D:7)
  An ufetubus (D:5)
  3 worms
  3 dart slugs
  25 orcs
  6 endoplasms
  3 giant cockroaches
  8 goblins
  9 hobgoblins
  7 kobolds
  4 quokkas
  10 ball pythons
  7 bats
  7 frilled lizards
  3 rats (D:2)
145 creatures vanquished.

Vanquished Creatures (collateral kills)
  An orc (D:4)
1 creature vanquished.

Vanquished Creatures (others)
  2 withered plants (D:8)
2 creatures vanquished.

Grand Total: 148 creatures vanquished

Table legend:
 A = Non-vault XP
 B = Vault XP
 C = Vault XP percentage of total XP
 D = Non-vault monster count
 E = Vault monster count
 F = Vault count percentage of total count
                 A         B        C        D         E       F
            +---------+---------+-------+---------+---------+-------
      Total |    2393 |     895 |  27.2 |     137 |       9 |   6.2
            +---------+---------+-------+---------+---------+-------
        D:1 |      48 |       0 |   0.0 |      21 |       0 |   0.0
        D:2 |      66 |       0 |   0.0 |      23 |       0 |   0.0
        D:3 |     334 |       0 |   0.0 |      26 |       0 |   0.0
        D:4 |      44 |       0 |   0.0 |      18 |       0 |   0.0
        D:5 |     193 |       0 |   0.0 |       9 |       0 |   0.0
        D:6 |     876 |      53 |   5.7 |      14 |       7 |  33.3
        D:7 |     513 |       0 |   0.0 |      17 |       0 |   0.0
        D:8 |     319 |     842 |  72.5 |       9 |       2 |  18.2
            +---------+---------+-------+---------+---------+-------

Illustrated notes

Table legend:
 A = Kills in this place as a percentage of kills in entire the game.
 B = Kills by you in this place as a percentage of kills by you in the entire game.
 C = Kills by friends in this place as a percentage of kills by friends in the entire game.
 D = Other kills in this place as a percentage of other kills in the entire game.
 E = Experience gained in this place as a percentage of experience gained in the entire game.
 F = Experience gained in this place divided by the number of levels of this place that you have seen.
                   A       B       C       D       E      F
               +-------+-------+-------+-------+-------+----------------------
         Total | 100.0 | 100.0 | 100.0 |   N/A | 100.0 | 411.0
       Dungeon | 100.0 | 100.0 | 100.0 |   N/A | 100.0 | 411.0
               +-------+-------+-------+-------+-------+----------------------

Table legend: (Time is in decaauts)
 A = Elapsed time spent in this place.
 B = Non-inter-level travel time spent in this place.
 C = Inter-level travel time spent in this place.
 D = Time resting spent in this place.
 E = Time spent auto-exploring this place.
 F = Levels seen in this place.
 G = Mean time per level.
                   A        B        C        D        E       F      G
               +--------+--------+--------+--------+--------+-----+--------+
         Total |   8431 |   8304 |    127 |    151 |   6770 |   8 | 1053.9 |
       Dungeon |   8431 |   8304 |    127 |    151 |   6770 |   8 | 1053.9 |
               +--------+--------+--------+--------+--------+-----+--------+

Top non-repeatable levels by time:
     D:6: 1548 daAuts
     D:2: 1332 daAuts
     D:3: 1310 daAuts
     D:4: 1170 daAuts
     D:1: 838 daAuts
     D:7: 805 daAuts
     D:8: 780 daAuts
     D:5: 646 daAuts
